 Dungeon Crawl Stone Soup version 0.22.0 (webtiles) character file.

137 Jorund the Magician (level 5, -7/35 HPs)
             Began as a Demonspawn Wizard on Aug 11, 2018.
             Mangled by Crazy Yiuf
             ... wielding a +3 quarterstaff of chaos
              (16 damage)
             ... on level 2 of the Dungeon.
             The game lasted 00:03:47 (2445 turns).

Jorund the Magician (Demonspawn Wizard)             Turns: 2445, Time: 00:03:48

Health: -7/35      AC:  4    Str:  8    XL:     5   Next: 0%
Magic:  11/12      EV: 12    Int: 20    God:
Gold:   110        SH:  0    Dex: 11    Spells: 12/13 levels left

rFire    . . .     SeeInvis .   g - +1 dagger (venom)
rCold    . . .     Gourm    .   (no shield)
rNeg     . . .     Faith    .   a - +0 robe
rPois    .         Spirit   .   o - +0 helmet
rElec    .         Reflect  .   j - +0 cloak
rCorr    .         Harm     .   (no gloves)
MR       .....                  (no boots)
Stlth    +.........             (no amulet)
HPRegen  0.11/turn              (no ring)
MPRegen  0.13/turn              (no ring)

@: very slightly contaminated
A: hooves 1, powered by death 1
a: no special abilities


You were on level 2 of the Dungeon.
You were hungry.

You visited 1 branch of the dungeon, and saw 2 of its levels.
You visited the Abyss 1 time.

You collected 110 gold pieces.

Inventory:

Hand Weapons
 g - a +1 dagger of venom (weapon)
 t - a +0 war axe
Armour
 a - a +0 robe (worn)
 b - a +0 hat
 j - a +0 cloak (worn)
 n - a +4 scale mail of magic resistance
 o - a +0 helmet (worn)
Wands
 l - a wand of polymorph (7)
Scrolls
 e - 5 scrolls of identify {unknown}
 m - 2 scrolls of teleportation {unknown}
 q - a scroll of magic mapping {unknown}
Potions
 c - 4 potions of heal wounds {unknown}
 f - a potion of berserk rage {unknown}
 h - 3 potions of magic {unknown}
 i - 2 potions of curing {unknown}
 k - a potion of brilliance {unknown}
 p - a potion of invisibility {unknown}
 s - a potion of mutation {unknown}
Comestibles
 d - 5 rations


   Skills:
 + Level 0.4 Short Blades
 - Level 1.7 Dodging
 - Level 1.7 Stealth
 + Level 4.7 Spellcasting
 * Level 2.5 Conjurations
   Level 1.0 Summonings
   Level 0.8 Translocations


You had 12 spell levels left.
You knew the following spells:

 Your Spells              Type           Power        Failure   Level  Hunger
a - Magic Dart            Conj           ###.         4%          1    None

Your spell library contained the following spells:

 Spells                   Type           Power        Failure   Level  Hunger
 Conjure Flame            Conj/Fire      #.......     22%         3    ##.....
 Slow                     Hex            #.......     19%         2    #......
 Mephitic Cloud           Conj/Pois/Air  #.......     26%         3    ##.....
 Blink                    Tloc           N/A          13%         2    #......
 Call Imp                 Summ           #.......     12%         2    #......


Dungeon Overview and Level Annotations

Branches:
Dungeon (2/15)

Altars:

Annotations:
D:2 Crazy Yiuf


Innate Abilities, Weirdness & Mutations

You have large cloven feet.
You regenerate a little health from kills.


Message History

You see here a runed mace.
You barely miss Crazy Yiuf.
Crazy Yiuf is moderately wounded.
Crazy Yiuf hits you with a quarterstaff of chaos.
* * * LOW HITPOINT WARNING * * *
You barely miss Crazy Yiuf. You kick Crazy Yiuf, but do no damage.
Crazy Yiuf is moderately wounded.
Crazy Yiuf hits you but does no damage.
You are cast into the Abyss!
To return, you must find a gate leading back.
Killing monsters will force the Abyss to allow you passage.
This branch contains the abyssal rune of Zot.
Found 30 gold pieces.
Found a gateway leading out of the Abyss.
There is a gateway leading out of the Abyss here.
You pass through the gate.
Welcome back to the Dungeon!
Level annotation: Crazy Yiuf Crazy Yiuf hits you with a quarterstaff of chaos!
You die...

.......#...###.#
.......###.....# .......#
####### .......#####
.......#...###
.............#
.........#.####♣♣ ###
......####......♣♣ ♣♣#.))#
....†.##..>....g@♣♣♣♣)'...#
......##.#.#.....)♣..♣#...#
..######'#.......♣.♣♣♣ ###
..# #........##♣♣♣♣♣ ..#
#........# ..#
#........##### ..#
#........'.#.########.
..###........###..........
..#(..............########


You could see Crazy Yiuf.

Vanquished Creatures
  Terence (D:2)
  Natasha (twice) (D:2)
  2 adders (D:2)
  2 worms (D:2)
  3 dart slugs
  5 goblins
  6 hobgoblins
  4 jackals (D:2)
  3 kobolds
  2 ball pythons (D:1)
  3 frilled lizards (D:1)
  4 rats
37 creatures vanquished.

Notes
Turn   | Place    | Note
-------+----------+-------------------------------------------
     0 | D:1      | Jorund the Demonspawn Wizard began the quest for the Orb.
     0 | D:1      | Reached XP level 1. HP: 13/13 MP: 4/4
   377 | D:1      | Gained mutation: You regenerate a little health from kills. [demonic ancestry]
   377 | D:1      | Reached XP level 2. HP: 17/19 MP: 6/6
   814 | D:2      | Noticed Natasha
   984 | D:2      | Noticed Terence
  1292 | D:2      | Killed Terence
  1292 | D:2      | Reached skill level 4 in Spellcasting
  1292 | D:2      | Reached XP level 3. HP: 10/24 MP: 3/8
  1672 | D:2      | Killed Natasha
  1672 | D:2      | Reached XP level 4. HP: 13/30 MP: 2/10
  1983 | D:2      | Found a faded altar of an unknown god.
  2096 | D:2      | Noticed Natasha
  2107 | D:2      | Killed Natasha
  2353 | D:2      | Found a runed door.
  2405 | D:2      | Gained mutation: You have large cloven feet. [demonic ancestry]
  2405 | D:2      | Reached XP level 5. HP: 35/35 MP: 10/12
  2425 | D:2      | Noticed Crazy Yiuf
  2440 | D:2      | Cast into level 1 of the Abyss (Crazy Yiuf)
  2445 | D:2      | Escaped the Abyss
  2445 | D:2      | Mangled by Crazy Yiuf

Skill      XL: |  1  2  3 |
---------------+----------+-----
Spellcasting   | 4 |  4.7
Conjurations   | 2 |  2.5
Short Blades   | |  0.4
Dodging        | |  1.7
Stealth        | |  1.7
Summonings     | |  1.0
Translocations | |  0.8

Action                   |  1- 3 |  4- 6 || total
-------------------------+-------+-------++-------
Melee: Dagger            |    50 |     9 ||    59
       Club              |     2 |       ||     2
       Kick              |       |     4 ||     4
 Cast: Magic Dart        |    43 |    35 ||    78
 Stab: Sleeping          |     4 |       ||     4
  Eat: Chunk             |     2 |     2 ||     4
Armor: Robe              |     4 |     3 ||     7
Dodge: Dodged            |    34 |    10 ||    44
